 Dungeon Crawl Stone Soup version 0.30-a0-702-gdf48620a09 (webtiles) character file.

Game seed: 10207842017436025846

336 bobo the Sneak (level 6, -3/38 HPs)
             Began as a Kobold Brigand on Jan 21, 2023.
             Succumbed to a scorpion's poison
             ... on level 3 of the Dungeon.
             The game lasted 00:08:05 (3036 turns).

bobo the Sneak (Kobold Brigand)                     Turns: 3036, Time: 00:08:06

Health: -3/38      AC:  4    Str:  9    XL:     6   Next: 84%
Magic:  6/6        EV: 15    Int: 12    God:
Gold:   700        SH:  0    Dex: 18    Spells: 5/5 levels left

rFire   . . .      SeeInvis .    j - +4 dagger
rCold   . . .      Faith    .    (no shield)
rNeg    . . .      Spirit   .    u - +0 leather armour
rPois   .          Reflect  .    (no helmet)
rElec   .          Harm     .    c - +0 cloak
rCorr   .          Rampage  .    (no gloves)
Will    .....                    (no boots)
Stlth   ++++                     (no amulet)
HPRegen 0.26/turn                (no ring)
MPRegen 0.10/turn                (no ring)

@: lethally poisoned (-3 -> -30)
A: small, no large weapons, nightstalker 3
a: no special abilities


You were on level 3 of the Dungeon.
You visited 1 branch of the dungeon, and saw 3 of its levels.

You collected 700 gold pieces.

Inventory:

Hand Weapons
 j - a +4 dagger (weapon)
Missiles
 d - 15 poisoned darts (quivered)
 e - 2 curare-tipped darts
Armour
 c - a +0 cloak (worn)
 u - a +0 leather armour (worn)
Jewellery
 h - a ring of magical power
 i - a ring of fire
 k - an amulet of the acrobat
Wands
 r - a wand of flame (8)
Scrolls
 o - a scroll of torment {unknown}
 s - a scroll of silence {unknown}
Potions
 a - a potion of brilliance {unknown}
 b - a potion of resistance {unknown}
 f - 2 potions of mutation
 g - 2 potions of degeneration
 l - 2 potions of might {unknown}
 m - a potion of attraction {unknown}
 n - 2 potions of invisibility {unknown}
 p - a potion of heal wounds {unknown}
 q - a potion of curing {unknown}


   Skills:
 + Level 4.0 Fighting
 + Level 4.8 Short Blades
 - Level 2.8 Throwing
 + Level 3.7 Dodging
 + Level 6.9 Stealth


You had 5 spell levels left.
You didn't know any spells.
Your spell library was empty.

Dungeon Overview and Level Annotations

Branches:
Dungeon (3/15)

Altars:
Wu Jian


Innate Abilities, Weirdness & Mutations

You are small and have problems with some larger weapons.
You are completely attuned to the shadows.


Message History

Found a scroll labelled HIUTZOE REMECH.
You see here a +0 whip.
s - a scroll labelled HIUTZOE REMECH You open the door.
There is an open door here.
You open the door.
A goblin and an endoplasm come into view.
The endoplasm quivers.
A scorpion and 2 orcs come into view.
The endoplasm freezes you.
You are frozen.
There is an open door here.
The orc barely misses you. The orc closely misses you.
You hit the scorpion.
The scorpion is lightly wounded.
The endoplasm hits you. The orc completely misses you.
The scorpion closely misses you. The endoplasm barely misses you.
The orc barely misses you.
You open the door. The scorpion closely misses you. The endoplasm freezes you.
You are frozen.
The orc hits you with a +0 short sword. The orc barely misses you.
The orc attacks as you move away! The orc hits you with a +0 falchion.
The endoplasm attacks as you move away! The endoplasm closely misses you.
The scorpion attacks as you move away! The scorpion stings you.
There is an open door here.
The scorpion attacks as you move away! The scorpion stings you.
You are poisoned.
The scorpion poisons you!
You feel sick. The scorpion attacks as you move away! The scorpion stings you.
You are lethally poisoned!
The scorpion poisons you!
* * * LOW HITPOINT WARNING * * *
You feel very sick. The scorpion stings you.
* * * LOW HITPOINT WARNING * * *
You are more poisoned.
The scorpion poisons you!
You die...

#+# #..## .# #...##
#g. #oJ.##.#
##..#..# ##J##'##+#
#..s......
###.8..8..8. ####
##.#....@.... ...#
#.######'#### #..###
##.#.#.#...# .....#
##...####.# ...#.#
##...####.#
.....#####.....##..#
.<.............##.##
....######.....##)#
.##.#.........###.#


You could see a scorpion and an endoplasm.

Vanquished Creatures
  A black bear (D:3)
  An ogre (D:2)
  4 gnolls (D:2)
  5 adders
  A shadow imp (D:3)
  2 dart slugs
  3 orcs (D:3)
  A ball python (D:2)
  9 bats
  4 endoplasms
  5 giant cockroaches
  4 goblins
  8 hobgoblins
  7 kobolds
  2 quokkas (D:1)
  2 frilled lizards (D:1)
  6 rats
65 creatures vanquished.

Vanquished Creatures (others)
  7 fungi (D:2)
  5 plants (D:2)
12 creatures vanquished.

Grand Total: 77 creatures vanquished

Notes
Turn   | Place    | Note
-------+----------+-------------------------------------------
     0 | D:1      | bobo the Kobold Brigand began the quest for the Orb.
     0 | D:1      | Reached XP level 1. HP: 12/12 MP: 1/1
   128 | D:1      | Reached XP level 2. HP: 17/18 MP: 2/2
   528 | D:1      | Reached XP level 3. HP: 22/22 MP: 3/3
  1141 | D:2      | Reached XP level 4. HP: 4/27 MP: 4/4
  1316 | D:2      | Found a faded altar of an unknown god.
  1963 | D:2      | Noticed an ogre
  1978 | D:2      | Killed an ogre
  1979 | D:2      | Reached skill level 6 in Stealth
  1979 | D:2      | Reached XP level 5. HP: 20/32 MP: 5/5
  2382 | D:3      | Identified a scroll of acquirement
  2382 | D:3      | Acquired 635 gold pieces
  2399 | D:3      | Reached XP level 6. HP: 37/37 MP: 6/6
  2563 | D:3      | Noticed a black bear
  2567 | D:3      | Killed a black bear
  2570 | D:3      | Found an ornate altar of the Wu Jian Council.
  3036 | D:3      | Succumbed to a scorpion's poison

Illustrated notes

Levels and vault maps discovered:
D:1:      matt_arrival_refuge, layout_loops_corners, minmay_misc_feat_x,
          minmay_stone_trees_medium, minmay_misc_feat_cross, minmay_tetromino_o2
D:2:      layout_basic, shapermc_ecumenical_altar_mp_urbaneastern,
          minmay_misc_feat_ornament
D:3:      minmay_chambers_of_threes, layout_loops_cross,
          mainiacjoe_overflow_cross_hatched, portal_sewer_entry_b, minivault_5

Skill      XL: |  1  2  3  4  5  6 |
---------------+-------------------+-----
Short Blades   | 3 4 |  4.8
Dodging        | 2 3 |  3.7
Fighting       | 3 4 |  4.0
Stealth        | 6 |  6.9
Throwing       | |  2.8

Action                   |  1- 3 |  4- 6 || total
-------------------------+-------+-------++-------
Melee: Dagger            |    62 |   115 ||   177
       Punch             |       |     2 ||     2
Throw: Dart              |       |     8 ||     8
  Use: Scroll            |       |     7 ||     7
 Stab: Sleeping          |    17 |    13 ||    30
       Distracted        |       |     1 ||     1
Armor: Robe              |     6 |       ||     6
       Leather armour    |       |     6 ||     6
Dodge: Dodged            |    24 |    52 ||    76

Table legend: (Time is in decaauts)
 A = Elapsed time spent in this place.
 B = Non-inter-level travel time spent in this place.
 C = Inter-level travel time spent in this place.
 D = Time resting spent in this place.
 E = Time spent auto-exploring this place.
 F = Levels seen in this place.
 G = Mean time per level.
                   A        B        C        D        E       F      G
               +--------+--------+--------+--------+--------+-----+--------+
         Total |   3000 |   2903 |     97 |    182 |   1917 |   3 | 1000.0 |
       Dungeon |   3000 |   2903 |     97 |    182 |   1917 |   3 | 1000.0 |
               +--------+--------+--------+--------+--------+-----+--------+

Top non-repeatable levels by time:
     D:2: 1335 daAuts
     D:1: 1020 daAuts
     D:3: 644 daAuts
